 Dungeon Crawl Stone Soup version 0.20-a0-947-g2784f4f (webtiles) character file.

175 Everybody the Digger (level 5, -7/49 HPs)
             Began as a Formicid Earth Elementalist on Apr 2, 2017.
             Mangled by an ogre
             ... wielding a +0 giant spiked club
              (10 damage)
             ... on level 4 of the Dungeon on Apr 4, 2017.
             The game lasted 00:11:18 (4021 turns).

Everybody the Digger (Formicid Earth Elementalist)  Turns: 4021, Time: 00:11:19

Health: -7/49      AC: 22    Str: 18    XL:     5   Next: 86%
Magic:  1/9        EV:  2    Int: 15    God:
Gold:   119        SH:  0    Dex: 11    Spells: 2/10 levels left

rFire    . . .     SeeInvis .   a - +0 spear
rCold    . . .     Gourm    .   (no shield)
rNeg     + + +     Faith    .   (armour currently unavailable)
rPois    +         Spirit   .   (helmet unavailable)
rElec    .         Reflect  .   (cloak currently unavailable)
rCorr    .         Harm     .   (gloves currently unavailable)
MR       .....                  (boots currently unavailable)
Stlth    ++........             (no amulet)
Regen    0.2/turn               (no ring)
MPRegen  0.2/turn               (no ring)

@: mighty, tree-form, very slightly contaminated
A: permanent stasis, dig shafts and tunnels, four strong arms, (antennae 0),
(iridescent scales 0), frail 1, sense surroundings 1
a: no special abilities


You were on level 4 of the Dungeon.
You were not hungry.
You were a tree.
You visited 1 branch of the dungeon, and saw 4 of its levels.

You collected 119 gold pieces.

Inventory:

Hand Weapons
 a - a +0 spear (weapon)
Missiles
 b - 77 stones (quivered)
Armour
 c - a +0 robe (melded)
 n - a cursed +0 pair of gloves (melded)
Wands
 t - a wand of disintegration (8/24)
Scrolls
 h - a scroll of fog {unknown}
 i - 2 scrolls of remove curse {unknown}
 j - a scroll of identify {unknown}
 l - a scroll of random uselessness {unknown}
 m - a scroll of immolation {unknown}
 o - a scroll of enchant armour {unknown}
Potions
 q - a potion of curing
 r - a potion of lignification
Books
 e - a book of Geomancy

   Spells                             Type                      Level
   a - Sandblast                      Earth                        1
   b - Passwall                       Transmutation/Earth          2
   c - Stone Arrow                    Conjuration/Earth            3
   d - Petrify                        Transmutation/Earth          4
   e - Lee's Rapid Deconstruction     Earth                        5
Comestibles
 d - 2 bread rations
 g - 2 royal jellies
 u - a meat ration


   Skills:
 - Level 1.5 Fighting
 + Level 2.5 Dodging
 - Level 2.4 Stealth
 + Level 3.1 Spellcasting
 + Level 1.5 Transmutations
 * Level 5.6 Earth Magic


You had 2 spell levels left.
You knew the following spells:

 Your Spells              Type           Power        Failure   Level  Hunger
a - Sandblast             Erth           ###...       1%          1    #......
b - Stone Arrow           Conj/Erth      ##....       21%         3    ###....
c - Petrify               Tmut/Erth      ##......     54%         4    #####..


Dungeon Overview and Level Annotations

Branches:
Dungeon (4/15)
 Temple: D:4-7

Altars:
Fedhas


Innate Abilities, Weirdness & Mutations

You cannot be hasted, slowed, berserked, paralysed or teleported.
You can dig through walls and to a lower floor.
Your four strong arms can wield two-handed weapons with a shield.
((You have a pair of large antennae on your head. (SInv)))
((You are partially covered in iridescent scales. (AC +2)))
You are frail. (-10% HP)
You passively map a small area around you.


Message History

The ogre hits you but does no damage. The hound bites you but does no damage.
It was a potion of haste.
Your stasis prevents you from being hasted.
The hound bites you but does no damage.
The ogre hits you with a giant spiked club!
It was a potion of mutation.
You feel extremely strange.
Iridescent scales grow over part of your body.
You feel frail.
You feel a strange attunement to the structure of the dungeons.
The hound bites you but does no damage. x2
It was a potion of might.
You feel very mighty all of a sudden.
The ogre hits you with a giant spiked club!!
* * * LOW HITPOINT WARNING * * *
The hound bites you but does no damage.
You hit the ogre.
The ogre is severely wounded.
The hound bites you but does no damage.
The ogre hits you with a giant spiked club!
You die...

* , , .. * .##. * *,
..# ... . * * , #,#
.. *#..,.# ,
,.#.#.#.##..#. **
.....#...... , ,
.#........# ,* * * .
#......Oh# ## #.#*
.....#♣.## .##...# ,
,.......%..###.......
,)......##.##.†......
*
....##.<............
...................$
,
....................
* .
....###.###.......
.... #.# ####### ...
* #.##


You could see an ogre and a hound.

Vanquished Creatures
  An orc wizard (D:3)
  6 adders
  2 oozes (D:1)
  4 worms
  A dart slug (D:1)
  10 orcs (D:3)
  A ball python (D:3)
  4 giant cockroaches
  9 hobgoblins
  2 jackals (D:3)
  9 kobolds
  A quokka (D:2)
  12 bats
  2 frilled lizards (D:2)
  A goblin (D:2)
  4 rats
69 creatures vanquished.

Notes
Turn   | Place    | Note
-------+----------+-------------------------------------------
     0 | D:1      | Everybody the Formicid Earth Elementalist began the quest for the Orb.
     0 | D:1      | Reached XP level 1. HP: 13/13 MP: 3/3
   122 | D:1      | Reached skill level 4 in Earth Magic
   122 | D:1      | Reached XP level 2. HP: 19/19 MP: 0/5
   730 | D:1      | Reached XP level 3. HP: 8/24 MP: 3/6
   735 | D:1      | Learned a level 3 spell: Stone Arrow
  1038 | D:1      | You fall through a shaft!
  1097 | D:2      | Found a blossoming altar of Fedhas.
  1252 | D:2      | Reached XP level 4. HP: 29/31 MP: 4/7
  1692 | D:2      | Found a faded altar of an unknown god.
  1712 | D:2      | Reached skill level 1 in Fighting
  2086 | D:2      | Reached skill level 5 in Earth Magic
  2709 | D:3      | Learned a level 4 spell: Petrify
  2860 | D:2      | Reached XP level 5. HP: 29/37 MP: 7/9
  4004 | D:4      | Noticed an ogre
  4019 | D:4      | Gained mutation: You are partially covered in iridescent scales. (AC +2) [potion of mutation]
  4019 | D:4      | Gained mutation: You are frail. (-10% HP) [potion of mutation]
  4019 | D:4      | Gained mutation: You passively map a small area around you. [potion of mutation]
  4021 | D:4      | Mangled by an ogre

Vault maps used:
D:1:      dpeg_cavernosity, serial_bayou_pond_c
D:2:      chequers_ecumenical_altar_grove, minmay_liquid_box,
          lemuel_statue_altar
D:4:      first_bread

Skill      XL: |  1  2  3  4  5 |
---------------+----------------+-----
Earth Magic    | 4 5 |  5.6
Dodging        | 2 |  2.5
Fighting       | 1 |  1.5
Spellcasting   | 3 |  3.1
Stealth        | |  2.4
Transmutations | |  1.5

Action                   |  1- 3 |  4- 6 || total
-------------------------+-------+-------++-------
Melee: Spear             |    65 |    92 ||   157
Throw: Stone             |       |     2 ||     2
 Cast: Sandblast         |    18 |    50 ||    68
       Stone Arrow       |       |     5 ||     5
  Use: Potion            |       |     6 ||     6
 Stab: Sleeping          |     1 |     5 ||     6
  Eat: Chunk             |     1 |    10 ||    11
Armor: Robe              |     7 |    22 ||    29
       Skin              |       |     9 ||     9
Dodge: Dodged            |    35 |    61 ||    96
